 Dungeon Sprint DCSS version 0.21-a0-215-g0631661 (webtiles) character file.

2330 potatolord6000 the Unseen (level 9, -1/87 HPs)
             Began as a Naga Monk on Aug 22, 2017.
             Was an Initiate of Gozag.
             Slain by a 13-headed hydra (3 damage)
             ... in the Dungeon (Sprint IX: "|||||||||||||||||||||||||||||").
             The game lasted 00:06:26 (1173 turns).

potatolord6000 the Unseen (Naga Monk)               Turns: 1173, Time: 00:06:27

Health: -1/87      AC: 18    Str: 15    XL:     9   Next: 42%
Magic:  9/9        EV: 14    Int: 10    God:    Gozag
Gold:   499        SH:  0    Dex: 21    Spells: 8/8 levels left

rFire    . . .     SeeInvis +   l - +4 halberd (venom)
rCold    . . .     Gourm    .   (shield currently unavailable)
rNeg     . . .     Faith    .   m - +4 chain mail
rPois    +         Spirit   .   (no helmet)
rElec    .         Reflect  .   a - +1 cloak
rCorr    .         Harm     .   (no gloves)
MR       +....     NoTele   +   (no barding)
Stlth    ++++......             (no amulet)
HPRegen  0.24/turn              n - +2 ring of evasion
MPRegen  0.11/turn              o - +2 ring of protection

@: agile, gold aura, very slow
A: see invisible, agile 1, deformed body, dopey 1, frail 1, poison resistance,
slowness 2, slow metabolism 1, spit poison 1, AC +3
a: Spit Poison, Potion Petition, Call Merchant, Bribe Branch, Renounce Religion


You were in the Dungeon.
You worshipped Gozag.
Gozag was aware of your devotion.
You were not hungry.

You visited 1 branch You collected 1270 gold pieces.
You paid 771 gold pieces to Gozag.

Inventory:

Hand Weapons
 l - a +4 halberd of venom (weapon)
Armour
 a - a +1 cloak (worn)
 b - a +0 robe
 m - a +4 chain mail (worn)
Jewellery
 n - a +2 ring of evasion (left hand)
 o - a +2 ring of protection (right hand)
Wands
 k - a wand of lightning (7/15)
 q - a wand of lightning (11/15)
Scrolls
 h - 3 scrolls of remove curse
 i - 2 scrolls of blinking
 j - 2 scrolls of amnesia
 t - a scroll of fog
 u - a scroll of recharging
Potions
 d - a potion of invisibility
 e - 3 potions of heal wounds
 f - 5 potions of curing
 g - 4 potions of magic
Comestibles
 c - a bread ration


   Skills:
 + Level 11.0 Fighting
 + Level 11.0 Polearms
 + Level 7.9 Armour
 - Level 4.6 Dodging
 + Level 15.5 Stealth


You had 8 spell levels left.
You didn't know any spells.

Dungeon Overview and Level Annotations

Branches:
Dungeon (1/1)

Altars:
Cheibriados
Dithmenos
Elyvilon
Fedhas
Gozag
Hepliaklqana
Kikubaaqudgha
Makhleb
Nemelex Xobeh
Okawaru
Qazlal
Ru
Sif Muna
Trog
Uskayaw
Vehumet
Wu Jian
Xom
Yredelemnul
Zin
The Shining One
Beogh
Jiyva
Lugonu

Shops:
D (


Innate Abilities, Weirdness & Mutations

You cannot wear boots.
Your serpentine skin is tough. (AC +3)
You have supernaturally acute eyesight. (SInv)
Armour fits poorly on your strangely shaped body.
Your system is resistant to poisons. (rPois)
You cover ground very slowly.
You have a slow metabolism.
You can spit poison.
You are agile. (Dex +2)
You are dopey. (Int -2)
You are frail. (-10% HP)


Message History

The 13-headed hydra is moderately wounded.
The 13-headed hydra bites you!
* * * LOW HITPOINT WARNING * * *
The 13-headed hydra closely misses you. The 13-headed hydra bites you.
* * * LOW HITPOINT WARNING * * *
The 13-headed hydra bites you.
* * * LOW HITPOINT WARNING * * *
The 13-headed hydra barely misses you. x2; The 13-headed hydra bites you.
* * * LOW HITPOINT WARNING * * *
The 13-headed hydra closely misses you. The 13-headed hydra misses you.
The 13-headed hydra closely misses you.
The 13-headed hydra bites you but does no damage.
The 13-headed hydra barely misses you. The 13-headed hydra misses you.
You barely miss the 13-headed hydra.
The 13-headed hydra is moderately wounded.
The yak is no longer distracted by gold.
The 13-headed hydra bites you but does no damage.
The 13-headed hydra bites you.
You die...
Your body crumbles into a pile of gold.

▓_▓.▓.▓
$
▓_▓.▓.▓
▓_▓.▓.▓
$
▓_▓.▓∩▓
$
▓_▓.▓.▓
$
▓_▓.▓'▓
$
▓_▓.▓$▓
$
▓_▓.▓$▓
$
▓_▓.▓@▓
$
▓_▓.▓D▓
$
▓_▓.▓Y▓
$
▓_▓.▓H▓
$
▓_▓.▓S▓
$
▓_▓.▓h▓
$
▓_▓.▓H▓
▓'▓.▓+▓
$ ▓.▓.▓
$


You could see a 13-headed hydra, a polar bear, 2 hippogriffs, a yak and a water
moccasin.

Vanquished Creatures
  An ugly thing (D)
  A hippogriff (D)
  A wyvern (D)
  A basilisk (D)
  5 water moccasins (D)
  A soldier ant (D)
  2 porcupines (D)
  2 black bears (D)
  A crocodile (D)
  A big kobold (D)
  2 bullfrogs (D)
  A crimson imp (D)
  2 hounds (D)
  2 iguanas (D)
  2 worker ants (D)
  An adder (D)
  A shadow imp (D)
  An orc (D)
  A giant cockroach (D)
  A hobgoblin (D)
  A frilled lizard (D)
  2 goblins (D)
  A kobold (D)
34 creatures vanquished.

Notes
Turn   | Place    | Note
-------+----------+-------------------------------------------
     0 | D        | potatolord6000 the Naga Monk began the quest for the Orb.
     0 | D        | Reached XP level 1. HP: 21/21 MP: 1/1
   284 | D        | Noticed a worker ant
   284 | D        | Noticed an iguana
   284 | D        | Noticed an iguana
   290 | D        | Reached skill level 4 in Stealth
   298 | D        | Reached XP level 2. HP: 22/28 MP: 2/2
   311 | D        | Reached skill level 5 in Stealth
   311 | D        | Reached XP level 3. HP: 16/36 MP: 3/3
   313 | D        | Reached skill level 6 in Stealth
   316 | D        | Reached skill level 5 in Fighting
   316 | D        | Reached skill level 5 in Polearms
   316 | D        | Reached XP level 4. HP: 21/46 MP: 4/4
   528 | D        | Found a roughly hewn altar of Beogh.
   528 | D        | Found a snail-covered altar of Cheibriados.
   528 | D        | Found a shadowy altar of Dithmenos.
   528 | D        | Found a white marble altar of Elyvilon.
   528 | D        | Found a blossoming altar of Fedhas.
   528 | D        | Found an opulent altar of Gozag.
   529 | D        | Found a hazy altar of Hepliaklqana.
   530 | D        | Found a viscous altar of Jiyva.
   531 | D        | Found an ancient bone altar of Kikubaaqudgha.
   532 | D        | Found a corrupted altar of Lugonu.
   534 | D        | Became a worshipper of Cheibriados the Contemplative
   534 | D        | Reached * piety under Cheibriados
   534 | D        | Reached ** piety under Cheibriados
   536 | D        | Found a burning altar of Makhleb.
   537 | D        | Found a sparkling altar of Nemelex Xobeh.
   538 | D        | Found an iron altar of Okawaru.
   539 | D        | Found a stormy altar of Qazlal.
   541 | D        | Fell from the grace of Cheibriados
   541 | D        | Became a worshipper of Gozag Ym Sagoz the Greedy
   543 | D        | Found a sacrificial altar of Ru.
   544 | D        | Found a deep blue altar of Sif Muna.
   545 | D        | Found a bloodstained altar of Trog.
   546 | D        | Found a hide-covered altar of Uskayaw.
   547 | D        | Found a radiant altar of Vehumet.
   548 | D        | Found an ornate altar of the Wu Jian Council.
   549 | D        | Found a shimmering altar of Xom.
   550 | D        | Found a basalt altar of Yredelemnul.
   551 | D        | Found a glowing silver altar of Zin.
   552 | D        | Found a glowing golden altar of the Shining One.
   598 | D        | Noticed a black bear
   598 | D        | Noticed a bullfrog
   602 | D        | Reached skill level 7 in Stealth
   606 | D        | Reached XP level 5. HP: 55/55 MP: 5/5
   608 | D        | Killed a black bear
   608 | D        | Reached skill level 9 in Stealth
   615 | D        | Reached XP level 6. HP: 55/63 MP: 6/6
   619 | D        | Reached skill level 10 in Stealth
   644 | D        | Noticed a black bear
   644 | D        | Noticed a purple ugly thing
   644 | D        | Noticed a soldier ant
   650 | D        | Killed a black bear
   650 | D        | Reached skill level 11 in Stealth
   650 | D        | Reached XP level 7. HP: 71/73 MP: 7/7
   659 | D        | Killed a purple ugly thing
   659 | D        | Reached skill level 5 in Armour
   659 | D        | Reached skill level 12 in Stealth
   659 | D        | Reached XP level 8. HP: 50/85 MP: 8/8
   664 | D        | Reached skill level 13 in Stealth
   902 | D        | Gained mutation: You are dopey. (Int -2) [potion of mutation]
   902 | D        | Gained mutation: You are frail. (-10% HP) [potion of mutation]
   902 | D        | Gained mutation: You are agile. (Dex +2) [potion of mutation]
   956 | D        | Reached skill level 14 in Stealth
   960 | D        | Reached skill level 10 in Fighting
   960 | D        | Reached skill level 10 in Polearms
   962 | D        | Noticed a wyvern
   965 | D        | Reached XP level 9. HP: 54/82 MP: 9/9
   983 | D        | Reached skill level 15 in Stealth
  1149 | D        | Noticed a seven-headed hydra
  1152 | D        | Noticed a polar bear
  1172 | D        | HP: 2/87 [13-headed hydra (6)]
  1173 | D        | Slain by a 13-headed hydra

Vault maps used:
D:        linesprint

Skill      XL: |  1  2  3  4  5  6  7  8  9 |
---------------+----------------------------+-----
Stealth        | 4 5 6 7 9 11 12 14 15 | 15.5
Dodging        | 3 4 |  4.6
Fighting       | 4 5 6 7 9 10 11 | 11.0
Polearms       | 4 5 6 7 9 10 11 | 11.0
Armour         | 2 4 5 7 |  7.9

Action                   |  1- 3 |  4- 6 |  7- 9 || total
-------------------------+-------+-------+-------++-------
Melee: Spear             |    44 |       |       ||    44
       Halberd           |       |    28 |    80 ||   108
Invok: Call Merchant     |       |       |     1 ||     1
 Abil: Spit Poison       |     1 |       |       ||     1
  Use: Potion            |     3 |       |     6 ||     9
       Scroll            |       |       |     6 ||     6
 Stab: Sleeping          |     1 |     1 |     2 ||     4
       Distracted        |       |       |     4 ||     4
Armor: Robe              |     2 |       |       ||     2
       Chain mail        |       |    22 |    81 ||   103
Dodge: Dodged            |    16 |    12 |    57 ||    85

Table legend:
 A = Spawn XP
 B = Non-spawn XP
 C = Spawn XP percentage of total XP
 D = Spawn monster count
 E = Non-spawn monster count
 F = Spawn count percentage of total count
 G = Total turns spent on level
                    A         B        C        D         E        F      G
               +---------+---------+-------+---------+---------+-------+---------
         Total |       0 |    3329 |   0.0 |       0 |      34 |   0.0 |  1173
               +---------+---------+-------+---------+---------+-------+---------
             D |       0 |    3329 |   0.0 |       0 |      34 |   0.0 |  1173
               +---------+---------+-------+---------+---------+-------+---------
